 Dungeon Crawl Stone Soup version 0.26-a0-812-g31a745ddcd (webtiles) character file.

Game seed: 17167564856571789656

22 Dracia the Vexing (level 2, -5/21 HPs)
             Began as a Demonspawn Arcane Marksman on Dec 3, 2020.
             Slain by a worm (9 damage)
             ... on level 2 of the Dungeon.
             The game lasted 00:01:38 (614 turns).

Dracia the Vexing (Demonspawn Arcane Marksman)       Turns: 614, Time: 00:01:38

Health: -5/21      AC:  2    Str: 10    XL:     2   Next: 68%
Magic:  2/3        EV: 14    Int: 14    God:
Gold:   64         SH:  0    Dex: 13    Spells: 2/3 levels left

rFire    . . .     SeeInvis .   (no weapon)
rCold    . . .     Faith    .   (no shield)
rNeg     . . .     Spirit   .   e - +0 robe
rPois    .         Reflect  .   (no helmet)
rElec    .         Harm     .   (no cloak)
rCorr    .         Rampage  .   (no gloves)
MR       .....                  (no boots)
Stlth    +.........             (no amulet)
HPRegen  0.07/turn              (no ring)
MPRegen  0.08/turn              (no ring)

@: no status effects
A: repulsion field 1
a: no special abilities


You were on level 2 of the Dungeon.
You visited 1 branch of the dungeon, and saw 2 of its levels.

You collected 64 gold pieces.


Innate Abilities, Weirdness & Mutations

You are surrounded by a mild repulsion field. (EV +2)


   Skills:
 - Level 1.0 Fighting
 + Level 2.4 Bows
 - Level 1.7 Dodging
 - Level 1.0 Spellcasting
 + Level 3.5 Hexes


You had 2 spell levels left.
You knew the following spells:

 Your Spells              Type           Power        Failure   Level
a - Corona                Hex            ##.....      6%          1

Your spell library contained the following spells:

 Spells                   Type           Power        Failure   Level
 Slow                     Hex            ##......     10%         2
 Inner Flame              Hex/Fire       #.......     36%         3
 Portal Projectile        Hex/Tloc       #.....       36%         3
 Cause Fear               Hex            ##........   52%         4
 Leda's Liquefaction      Hex/Erth       #.........   77%         4

Inventory:

Hand Weapons
 a - a +0 shortbow
Armour
 e - a +0 robe (worn)
Jewellery
 d - a cursed amulet of inaccuracy {unknown}
Scrolls
 b - a scroll of noise {unknown}
 f - a scroll of teleportation {unknown}
 g - a scroll of immolation {unknown}
Potions
 c - a potion of brilliance {unknown}
 h - 2 potions of magic {unknown}

Dungeon Overview and Level Annotations

Branches:
Dungeon (2/15)

Altars:

................
#######.#...###..#.#
...
...............>....
#...
######.#...###.##.#
#... #.....#.#.# #
.# #... #.#####.#.#
# #...####.# #.#..
.#
#......#'#####.##.#
.. #.......@l.....#
.. ##
#........w(..### #.#
# #............# ..
#......####### ##
#......#######
#......†......
#.............
#####...(.....(...
..................


You could see a worm and a leopard gecko.


Message History

Confirm with . or Enter, or press ? or * to list all spells.
Aiming: Corona (safe; 6% risk of failure)
Press: ? - help, Shift-Dir - straight line, f/p - worm
Aim: a worm (moderately wounded, chance to defeat MR: 54%)
The worm struggles to resist.
You are too injured to fight recklessly!
You are too injured to fight recklessly!
You are too injured to fight recklessly!
Unknown command.
You are too injured to fight recklessly!
Casting: Corona (safe; 6% risk of failure)
Confirm with . or Enter, or press ? or * to list all spells.
Aiming: Corona (safe; 6% risk of failure)
Press: ? - help, Shift-Dir - straight line, f/p - worm
Aim: a worm (moderately wounded, chance to defeat MR: 54%)
The worm is outlined in light.
The worm bites you but does no damage.
You feel sick. The leopard gecko closely misses you.
You feel sick.
The worm stops glowing.
The leopard gecko closely misses you. The leopard gecko barely misses you.
You feel sick.
You are no longer poisoned.
You see here 13 bolts.
The leopard gecko closely misses you. The leopard gecko barely misses you.
The leopard gecko bites you.
* * * LOW HITPOINT WARNING * * *
The leopard gecko barely misses you. The worm bites you!
You die...

Skill      XL: |  1 |
---------------+----+-----
Bows           | 2 |  2.4
Fighting       | |  1.0
Dodging        | |  1.7
Spellcasting   | |  1.0
Hexes          | |  3.5

Action                   || total
-------------------------++-------
Melee: Unarmed           ||    29
 Fire: Shortbow          ||    39
 Cast: Corona            ||     2
 Stab: Sleeping          ||     2
Armor: Robe              ||    15
Dodge: Dodged            ||    54

Levels and vault maps discovered:
D:1:      minmay_arrival_nine_rooms, layout_rooms, hangedman_feature_mirror
D:2:      layout_basic, marbit_many_paths, cheibriados_altar_1

Notes
Turn   | Place    | Note
-------+----------+-------------------------------------------
     0 | D:1      | Dracia the Demonspawn Arcane Marksman began the quest for
                  | the Orb.
     0 | D:1      | Reached XP level 1. HP: 15/15 MP: 2/2
    73 | D:1      | Reached skill level 2 in Bows
   170 | D:1      | Gained mutation: You are surrounded by a mild repulsion
                  | field. (EV +2) [demonic ancestry]
   170 | D:1      | Reached XP level 2. HP: 21/21 MP: 3/3
   614 | D:2      | Slain by a worm

Vanquished Creatures
  An adder (D:2)
  A leopard gecko (D:1)
  A ball python (D:1)
  A bat (D:1)
  A giant cockroach (D:2)
  A goblin (D:1)
  A hobgoblin (D:1)
  A frilled lizard (D:2)
  A kobold (D:2)
  4 rats
13 creatures vanquished.

Table legend: (Time is in decaauts)
 A = Elapsed time spent in this place.
 B = Non-inter-level travel time spent in this place.
 C = Inter-level travel time spent in this place.
 D = Time resting spent in this place.
 E = Time spent auto-exploring this place.
 F = Levels seen in this place.
 G = Mean time per level.
                   A        B        C        D        E       F      G
               +--------+--------+--------+--------+--------+-----+--------+
         Total |    619 |    619 |      0 |     34 |    377 |   2 |  309.5 |
       Dungeon |    619 |    619 |      0 |     34 |    377 |   2 |  309.5 |
               +--------+--------+--------+--------+--------+-----+--------+

Top non-repeatable levels by time:
     D:2: 380 daAuts
     D:1: 239 daAuts

Table legend:
 A = Non-vault XP
 B = Vault XP
 C = Vault XP percentage of total XP
 D = Non-vault monster count
 E = Vault monster count
 F = Vault count percentage of total count
                 A         B        C        D         E       F
            +---------+---------+-------+---------+---------+-------
      Total |      30 |       2 |   6.2 |      12 |       1 |   7.7
            +---------+---------+-------+---------+---------+-------
        D:1 |      14 |       0 |   0.0 |       8 |       0 |   0.0
        D:2 |      16 |       2 |  11.1 |       4 |       1 |  20.0
            +---------+---------+-------+---------+---------+-------
